EL
BINGHAMTON METS @ RICHMOND FLYING SQUIRRELS
08/30/2098
 
TOP OF THE 1ST
Binghamton Mets batting - Pitching for Richmond Flying Squirrels : RHP Zach Chapman
Pitching: RHP Zach Chapman
Batting: RHB Tommy Gallant 0-0: Fly out, F7 (Flyball, 7, EV 88.8 MPH)
Batting: RHB Ray Partipilo 0-0: Foul Ball, location: 2F
0-1: Called Strike
0-2: Fly out, F9 (Flyball, 9S, EV 87.5 MPH)
Batting: RHB Andy Young 0-0: Called Strike
0-1: Ball
1-1: Called Strike
1-2: Ball
2-2: Ball
3-2: Foul Ball, location: 9LDF
3-2: SINGLE (Line Drive, 78S, EV 97.5 MPH)
Batting: RHB Jared Workman 0-0: Called Strike
0-1: Fly out, F8 (Flyball, 8RD, EV 105.6 MPH)
Top of the 1st over - 0 runs, 1 hit, 0 errors, 1 left on base; Binghamton 0 - Richmond 0
BOTTOM OF THE 1ST
Richmond Flying Squirrels batting - Pitching for Binghamton Mets : LHP Esteban Aguirre
Pitching: LHP Esteban Aguirre
Batting: RHB Brendan Morris 0-0: Ball
1-0: Foul Ball, location: 2F
1-1: Ball
2-1: Ball
3-1: Called Strike
3-2: Strikes out swinging
Batting: RHB Dusty Sorenson 0-0: Foul Ball, location: 5FF
0-1: Swinging Strike
0-2: Foul Ball, location: 2F
0-2: Ball
1-2: Foul Ball, location: 7LSF
1-2: Foul Ball, location: 2F
1-2: Ball
2-2: Strikes out looking
Batting: LHB Marcos Iniguez 0-0: Called Strike
0-1: Ball
1-1: Called Strike
1-2: Strikes out looking
Bottom of the 1st over - 0 runs, 0 hits, 0 errors, 0 left on base; Binghamton 0 - Richmond 0
TOP OF THE 2ND
Binghamton Mets batting - Pitching for Richmond Flying Squirrels : RHP Zach Chapman
Batting: RHB Adam Mamo 0-0: Ball
1-0: Ball
2-0: Called Strike
2-1: SINGLE (Groundball, 4MD, EV 95.6 MPH)
Batting: RHB Mike Marek 0-0: Called Strike
0-1: Swinging Strike
0-2: Foul Ball, location: 9LSF
0-2: Foul Ball, location: 3FF
0-2: Strikes out swinging
Batting: RHB Paul Barner 0-0: Ball
1-0: Foul Ball, location: 5F
1-1: Fly out, F9 (Flyball, 9, EV 91.9 MPH)
Batting: RHB Romeo Zimolo 0-0: Foul Ball, location: 2F
0-1: Called Strike
0-2: Ball
1-2: Ball
2-2: Ball
3-2: Strikes out swinging
Top of the 2nd over - 0 runs, 1 hit, 0 errors, 1 left on base; Binghamton 0 - Richmond 0
BOTTOM OF THE 2ND
Richmond Flying Squirrels batting - Pitching for Binghamton Mets : LHP Esteban Aguirre
Batting: LHB Josh Layne 0-0: Ball
1-0: Called Strike
1-1: Ball
2-1: Called Strike
2-2: Ball
3-2: SOLO HOME RUN (Flyball, 78XD, EV 103.8 MPH), Distance : 399 ft
Batting: RHB Craig Knopp 0-0: Ball
1-0: Called Strike
1-1: Foul Ball, location: 7LMF
1-2: Foul Ball, location: 9LSF
1-2: Ground out 6-3 (Groundball, 56D, EV 103.8 MPH)
Batting: RHB Matt Gill 0-0: Ball
1-0: Called Strike
1-1: Foul Ball, location: 2F
1-2: Strikes out swinging
Batting: RHB Nawaf Shafeeq 0-0: Called Strike
0-1: Swinging Strike
0-2: SOLO HOME RUN (Flyball, 9D, EV 94.4 MPH), Distance : 356 ft
Batting: LHB Federico Duarte 0-0: Ground out 5-3 (Groundball, 56S, EV 81.9 MPH)
Bottom of the 2nd over - 2 runs, 2 hits, 0 errors, 0 left on base; Binghamton 0 - Richmond 2
TOP OF THE 3RD
Binghamton Mets batting - Pitching for Richmond Flying Squirrels : RHP Zach Chapman
Batting: SHB R.J. Moore 0-0: Ball
1-0: Swinging Strike
1-1: Foul Ball, location: 7LDF
1-2: Ball
2-2: Strikes out swinging
Batting: RHB Tommy Gallant 0-0: Ball
1-0: Called Strike
1-1: Fly out, F9 (Flyball, 9D, EV 110.0 MPH)
Batting: RHB Ray Partipilo 0-0: Swinging Strike
0-1: Foul Ball, location: 5FF
0-2: Ball
1-2: Ball
2-2: Strikes out swinging
Top of the 3rd over - 0 runs, 0 hits, 0 errors, 0 left on base; Binghamton 0 - Richmond 2
BOTTOM OF THE 3RD
Richmond Flying Squirrels batting - Pitching for Binghamton Mets : LHP Esteban Aguirre
Batting: RHB Ricky Godoy 0-0: Ball
1-0: Foul Ball, location: 5FF
1-1: Foul Ball, location: 5F
1-2: Ball
2-2: Ball
3-2: Fly out, F7 (Flyball, 7LSF, EV 95.6 MPH)
Batting: RHB Brendan Morris 0-0: Ball
1-0: SINGLE (Groundball, 34D, EV 103.8 MPH)
Batting: RHB Dusty Sorenson 0-0: Called Strike
0-1: Swinging Strike
0-2: Ball
1-2: Foul Ball, location: 5FF
1-2: Foul Ball, location: 2RF
1-2: Foul Ball, location: 2F
1-2: Ball
2-2: Foul Ball, location: 2F
2-2: Ball
3-2: Foul Ball, location: 7LMF
3-2: Foul Ball, location: 2F
3-2: Fielders Choice at 2nd, 1-6 (Groundball, 34S, EV 66.3 MPH)
Batting: LHB Marcos Iniguez 0-0: Ball
1-0: Ball
2-0: Ball
3-0: Called Strike
3-1: DOUBLE (Line Drive, 7LM, EV 110.6 MPH)
Dusty Sorenson to third
Batting: LHB Josh Layne 0-0: Ball
1-0: Called Strike
1-1: Foul Ball, location: 2F
1-2: Foul Ball, location: 2F
1-2: Foul Ball, location: 23F
1-2: Ball
2-2: 3-RUN HOME RUN (Flyball, 78XD, EV 101.9 MPH), Distance : 402 ft
Batting: RHB Craig Knopp 0-0: Ball
1-0: Ball
2-0: Ball
3-0: Called Strike
3-1: Foul Ball, location: 2F
3-2: Strikes out looking
Bottom of the 3rd over - 3 runs, 3 hits, 0 errors, 0 left on base; Binghamton 0 - Richmond 5
TOP OF THE 4TH
Binghamton Mets batting - Pitching for Richmond Flying Squirrels : RHP Zach Chapman
Batting: RHB Andy Young 0-0: Ball
1-0: Ball
2-0: Ball
3-0: Base on Balls
Batting: RHB Jared Workman 0-0: Called Strike
0-1: Ball
1-1: Ball
2-1: Foul Ball, location: 2F
2-2: Ball
3-2: Grounds into double play, 6-4-3 (Groundball, 6, EV 94.4 MPH)
Batting: RHB Adam Mamo 0-0: Ball
1-0: Ball
2-0: Ball
3-0: Called Strike
3-1: Base on Balls
Batting: RHB Mike Marek 0-0: Ball
1-0: Called Strike
1-1: Ball
2-1: Ball
3-1: Called Strike
3-2: Fly out, F9 (Line Drive, 9S, EV 98.1 MPH)
Top of the 4th over - 0 runs, 0 hits, 0 errors, 1 left on base; Binghamton 0 - Richmond 5
BOTTOM OF THE 4TH
Richmond Flying Squirrels batting - Pitching for Binghamton Mets : LHP Esteban Aguirre
Batting: RHB Matt Gill 0-0: Called Strike
0-1: Foul Ball, location: 2F
0-2: Ball
1-2: Ball
2-2: Ground out 6-3 (Groundball, 6, EV 93.1 MPH)
Batting: RHB Nawaf Shafeeq 0-0: Fly out, F9 (Flyball, 89XD, EV 104.4 MPH)
Batting: LHB Federico Duarte 0-0: Ball
1-0: Ball
2-0: Ball
3-0: Base on Balls
Batting: RHB Ricky Godoy 0-0: Fielders Choice at 2nd, 6-4 (Groundball, 6, EV 100.0 MPH)
Bottom of the 4th over - 0 runs, 0 hits, 0 errors, 1 left on base; Binghamton 0 - Richmond 5
TOP OF THE 5TH
Binghamton Mets batting - Pitching for Richmond Flying Squirrels : RHP Zach Chapman
Batting: RHB Paul Barner 0-0: Called Strike
0-1: Ball
1-1: Ball
2-1: DOUBLE (Flyball, 8RXD, EV 103.1 MPH)
Batting: RHB Romeo Zimolo 0-0: Fly out, F5 (Popup, 5SF, EV 76.3 MPH)
Batting: SHB R.J. Moore 0-0: Called Strike
0-1: Ball
1-1: Ball
2-1: Ball
3-1: Base on Balls
Batting: RHB Tommy Gallant 0-0: Ball
1-0: Foul Ball, location: 9LMF
1-1: Fly out, F8 (Flyball, 8LS, EV 87.5 MPH)
Pitching: RHP Zach Stout
Batting: RHB Ray Partipilo 0-0: Ball
1-0: Foul Ball, location: 5FF
1-1: Ball
2-1: Foul Ball, location: 23F
2-2: Foul Ball, location: 2F
2-2: Foul Ball, location: 9LDF
2-2: Foul Ball, location: 2F
2-2: Ball
3-2: Ground out 5-3 (Groundball, 56, EV 107.5 MPH)
Top of the 5th over - 0 runs, 1 hit, 0 errors, 2 left on base; Binghamton 0 - Richmond 5
BOTTOM OF THE 5TH
Richmond Flying Squirrels batting - Pitching for Binghamton Mets : LHP Esteban Aguirre
Batting: RHB Brendan Morris 0-0: Ball
1-0: Ball
2-0: Called Strike
2-1: Foul Ball, location: 3DF
2-2: SINGLE (Line Drive, 3D, EV 100.0 MPH)
Batting: RHB Dusty Sorenson 0-0: TRIPLE (Line Drive, 78XD, EV 100.6 MPH)
Brendan Morris scores
Pitching: RHP Luke Springer
Batting: LHB Marcos Iniguez 0-0: Ball
1-0: 2-RUN HOME RUN (Flyball, 89XD, EV 103.8 MPH), Distance : 407 ft
Batting: LHB Josh Layne 0-0: Foul Ball, location: 7LSF
0-1: Ball
1-1: Hit by Pitch
Batting: RHB Craig Knopp 0-0: Called Strike
0-1: Ball
1-1: Fly out, F3 (Popup, 23F, EV 82.5 MPH)
Batting: RHB Matt Gill 0-0: Ball
1-0: Called Strike
1-1: Swinging Strike
1-2: Ball
2-2: Ball
3-2: Base on Balls
Josh Layne to second
Batting: RHB Nawaf Shafeeq 0-0: Ball
1-0: Ball
2-0: Ball
3-0: Called Strike
3-1: Base on Balls
Josh Layne to third
Matt Gill to second
Batting: LHB Federico Duarte 0-0: Foul Ball, location: 5F
0-1: Fly out, F4 (Flyball, 34D, EV 91.3 MPH)
Pitching: RHP Jay Duncan
Batting: RHB Ricky Godoy 0-0: Ground out 5-3 (Groundball, 15, EV 78.8 MPH)
Bottom of the 5th over - 3 runs, 3 hits, 0 errors, 3 left on base; Binghamton 0 - Richmond 8
TOP OF THE 6TH
Binghamton Mets batting - Pitching for Richmond Flying Squirrels : RHP Zach Stout
Batting: RHB Andy Young 0-0: SOLO HOME RUN (Flyball, 7D, EV 97.5 MPH), Distance : 367 ft
Batting: RHB Jared Workman 0-0: Foul Ball, location: 3SF
0-1: Called Strike
0-2: Strikes out swinging
Batting: RHB Adam Mamo 0-0: Called Strike
0-1: Foul Ball, location: 9LDF
0-2: Ball
1-2: Fly out, F8 (Flyball, 89XD, EV 106.9 MPH)
Batting: RHB Mike Marek 0-0: Called Strike
0-1: Swinging Strike
0-2: Ball
1-2: Strikes out swinging
Top of the 6th over - 1 run, 1 hit, 0 errors, 0 left on base; Binghamton 1 - Richmond 8
BOTTOM OF THE 6TH
Richmond Flying Squirrels batting - Pitching for Binghamton Mets : RHP Jay Duncan
Batting: RHB Brendan Morris 0-0: Foul Ball, location: 7LSF
0-1: Foul Ball, location: 25FF
0-2: Fly out, F8 (Flyball, 89M, EV 88.8 MPH)
Batting: RHB Dusty Sorenson 0-0: Ball
1-0: Swinging Strike
1-1: Ball
2-1: Foul Ball, location: 2F
2-2: Strikes out swinging
Batting: LHB Marcos Iniguez 0-0: Fly out, F9 (Flyball, 9S, EV 89.4 MPH)
Bottom of the 6th over - 0 runs, 0 hits, 0 errors, 0 left on base; Binghamton 1 - Richmond 8
TOP OF THE 7TH
Binghamton Mets batting - Pitching for Richmond Flying Squirrels : RHP Zach Stout
Batting: RHB Paul Barner 0-0: Ball
1-0: Ball
2-0: Swinging Strike
2-1: Ball
3-1: Called Strike
3-2: Foul Ball, location: 3SF
3-2: Base on Balls
Batting: RHB Romeo Zimolo 0-0: Ball
1-0: Foul Ball, location: 3SF
1-1: Called Strike
Paul Barner steals 2nd base (no throw)
1-2: Ball
2-2: Ground out 4-3 (Groundball, 4, EV 91.9 MPH)
Paul Barner to third
Batting: SHB R.J. Moore 0-0: Foul Ball, location: 2LF
0-1: Ball
1-1: DOUBLE (Line Drive, 78XD, EV 107.5 MPH)
Paul Barner scores
Batting: RHB Tommy Gallant 0-0: Called Strike
0-1: Swinging Strike
0-2: Strikes out swinging
Batting: RHB Ray Partipilo 0-0: Called Strike
0-1: Foul Ball, location: 3SF
0-2: Ball
1-2: Ball
2-2: Ball
3-2: Fly out, F4 (Popup, 4M, EV 66.9 MPH)
Top of the 7th over - 1 run, 1 hit, 0 errors, 1 left on base; Binghamton 2 - Richmond 8
BOTTOM OF THE 7TH
Richmond Flying Squirrels batting - Pitching for Binghamton Mets : RHP Jay Duncan
Batting: LHB Josh Layne 0-0: Foul Ball, location: 2F
0-1: Swinging Strike
0-2: Ball
1-2: Ball
2-2: Ground out 5-3 (Groundball, 25, EV 65.0 MPH)
Batting: RHB Craig Knopp 0-0: Swinging Strike
0-1: Ball
1-1: Ball
2-1: Foul Ball, location: 3F
2-2: Foul Ball, location: 2F
2-2: Foul Ball, location: 2F
2-2: Foul Ball, location: 2F
2-2: Strikes out swinging
Batting: RHB Matt Gill 0-0: Ball
1-0: Ball
2-0: Fly out, F4 (Popup, 23, EV 91.9 MPH)
Bottom of the 7th over - 0 runs, 0 hits, 0 errors, 0 left on base; Binghamton 2 - Richmond 8
TOP OF THE 8TH
Binghamton Mets batting - Pitching for Richmond Flying Squirrels : RHP Zach Stout
Batting: RHB Andy Young 0-0: Swinging Strike
0-1: Called Strike
0-2: Ball
1-2: Foul Ball, location: 3FF
1-2: Ball
2-2: SINGLE (Line Drive, 56D, EV 106.9 MPH)
Pitching: RHP Colin Orr
Batting: RHB Jared Workman 0-0: Called Strike
0-1: SINGLE (Groundball, 4D, EV 96.9 MPH)
Andy Young to second
Runner from 2nd tries for 3rd, SAFE, no throw by CF
Batting: RHB Adam Mamo 0-0: Ball
1-0: Ball
2-0: Foul Ball, location: 7LDF
2-1: SINGLE (Line Drive, 9S, EV 100.6 MPH)
Andy Young scores
Jared Workman to second
Pinch Hitting: LHB Jared Rauch 0-0: Called Strike
0-1: Called Strike
0-2: Strikes out swinging
Batting: RHB Paul Barner 0-0: Ball
1-0: Foul Ball, location: 2F
1-1: Fly out, F9 (Flyball, 9, EV 76.9 MPH)
Pinch Hitting: LHB Jason Barwick 0-0: Fielders Choice at 2nd, 6-4 (Groundball, 56, EV 95.6 MPH)
Top of the 8th over - 1 run, 3 hits, 0 errors, 2 left on base; Binghamton 3 - Richmond 8
BOTTOM OF THE 8TH
Richmond Flying Squirrels batting - Pitching for Binghamton Mets : RHP Jay Duncan
Now at 2B: Jason Barwick
Now in LF: Jared Rauch
Batting: RHB Nawaf Shafeeq 0-0: Called Strike
0-1: Foul Ball, location: 5F
0-2: Strikes out swinging
Batting: LHB Federico Duarte 0-0: Called Strike
0-1: Swinging Strike
0-2: Ball
1-2: Ball
2-2: Ball
3-2: Ground out 3-1 (Groundball, 34S, EV 92.5 MPH)
Batting: RHB Ricky Godoy 0-0: Foul Ball, location: 23F
0-1: Ball
1-1: Ball
2-1: Ball
3-1: Base on Balls
Batting: RHB Brendan Morris 0-0: Fly out, F9 (Line Drive, 9, EV 90.0 MPH)
Bottom of the 8th over - 0 runs, 0 hits, 0 errors, 1 left on base; Binghamton 3 - Richmond 8
TOP OF THE 9TH
Binghamton Mets batting - Pitching for Richmond Flying Squirrels : RHP Colin Orr
Batting: SHB R.J. Moore 0-0: Swinging Strike
0-1: Called Strike
0-2: Ground out 4-3 (Groundball, 34D, EV 106.9 MPH)
Batting: RHB Tommy Gallant 0-0: Fly out, F9 (Flyball, 89M, EV 89.4 MPH)
Batting: RHB Ray Partipilo 0-0: Called Strike
0-1: Foul Ball, location: 7LDF
0-2: Ball
1-2: Strikes out swinging
Top of the 9th over - 0 runs, 0 hits, 0 errors, 0 left on base; Binghamton 3 - Richmond 8
Sunday, April 14th , 2024 - OOTP Baseball 24.11 Build 85